 Dungeon Crawl Stone Soup version 0.30-a0-845-g7c6808c8ce (webtiles) character file.

Game seed: 664152120560944706

504 Dittersdorf the Shield-Bearer (level 7, -1/44 HPs)
             Began as a Gargoyle Fighter on Mar 2, 2023.
             Killed from afar by a steam dragon (19 damage)
             ... with a ball of steam
             ... on level 8 of the Dungeon.
             The game lasted 00:03:37 (3521 turns).

Dittersdorf the Shield-Bearer (Gargoyle Fighter)    Turns: 3521, Time: 00:03:38

Health: -1/44      AC: 13    Str: 21    XL:     7   Next: 17%
Magic:  7/7        EV: 14    Int:  9    God:
Gold:   279        SH:  4    Dex:  9    Spells: 6/6 levels left

rFire   . . .      SeeInvis +    a - +0 flail
rCold   . . .      Faith    .    c - +0 buckler
rNeg    + . .      Spirit   .    q - +1 scale mail {Will+}
rPois   ∞          Reflect  .    (no helmet)
rElec   +          Rampage  .    (no cloak)
rCorr   .                        (no gloves)
Will    +....                    (no boots) Stlth
                                 (no amulet)
HPRegen 0.27/turn                g - ring of see invisible
MPRegen 0.10/turn                p - +5 ring of evasion

@: mighty
A: sickness immunity, AC +4, negative energy resistance 1, electricity
resistance, torment resistance 1, petrification resistance
a: no special abilities


You were on level 8 of the Dungeon.
You visited 1 branch of the dungeon, and saw 6 of its levels.

You collected 279 gold pieces.

Inventory:

Hand Weapons
 a - a +0 flail (weapon)
Armour
 c - a +0 buckler (worn)
 q - a +1 scale mail of willpower (worn)
Jewellery
 g - a ring of see invisible (left hand)
 p - a +5 ring of evasion (right hand)
Scrolls
 h - a scroll of enchant weapon {unknown}
 n - a scroll of noise {unknown}
 r - a scroll of magic mapping {unknown}
Potions
 b - a potion of haste
 d - 2 potions of might
 f - a potion of curing {unknown}
 i - 3 potions of lignification {unknown}
 k - 2 potions of brilliance {unknown}
 l - a potion of flight {unknown}
 s - a potion of heal wounds


   Skills:
 + Level 5.1 Fighting
 + Level 4.1 Maces & Flails
 + Level 5.2 Armour
 + Level 5.2 Shields


You had 6 spell levels left.
You didn't know any spells.
Your spell library contained the following spells:

 Spells                   Type           Power      Damage    Failure   Level
 Tukima's Dance           Hex            0%         N/A       99%         3
 Passage of Golubria      Tloc           0%         N/A       100%        4
 Yara's Violent Unravell  Hex/Tmut       0%         3d3       100%        5


Dungeon Overview and Level Annotations

Branches:
Dungeon (5/15)
 Temple: D:4-7

Altars:
Dithmenos
Ru

Shops:
D:3 =

Annotations:
D:5 1 runed translucent door
D:8 1 runed translucent door, cheesebisquit's ghost, novice GrEE


Innate Abilities, Weirdness & Mutations

You are immune to sickness and miasma.
Your stone body is resilient. (AC +4)
You are immune to poison.
You resist negative energy. (rN+)
You are resistant to electric shocks. (rElec)
You are resistant to unholy torment.
You are immune to petrification.


Message History

The steam dragon completely misses you. The steam dragon barely misses you.
You block the steam dragon's attack. The steam dragon closely misses you.
You hit the steam dragon but do no damage.
The steam dragon is lightly wounded.
The steam dragon bites you. You block the steam dragon's attack.
You hit the steam dragon but do no damage.
The steam dragon is lightly wounded.
The steam dragon breathes steam at you. The ball of steam misses you.
The steam dragon completely misses you. The steam dragon claws you.
You hit the steam dragon.
The steam dragon is moderately wounded.
The steam dragon barely misses you.
The steam dragon claws you but does no damage.
You closely miss the steam dragon.
The steam dragon is moderately wounded.
The steam dragon barely misses you.
The steam dragon claws you but does no damage.
You thump the steam dragon!
The steam dragon is heavily wounded.
The steam dragon closely misses you. You block the steam dragon's attack.
The steam dragon breathes steam at you. The ball of steam hits you!
* * * LOW HITPOINT WARNING * * *
You are engulfed in a cloud of scalding steam.
* * * LOW HITPOINT WARNING * * *
The steam dragon bites you.
* * * LOW HITPOINT WARNING * * *
The steam dragon claws you.
* * * LOW HITPOINT WARNING * * *
You feel much better. The steam dragon bites you.
The steam dragon barely misses you.
You hit the steam dragon.
The steam dragon is severely wounded.
You block the steam dragon's attack.
The steam dragon claws you but does no damage.
You feel very mighty all of a sudden. The steam dragon breathes steam at you.
The ball of steam hits you!!
You die...

.#.. ... ..... ...# #.#
#.#.# ...#
#.####.#.#### ...#####
#.#....§.[.§# .......##
#[#.........#
.#.###..###.#....§.§..#
..†..#...##.#....§....#
.#.#...............####
##.####+###.###.@D.###
##.# #.$W##.#
##.#....... ##.#
#♣8♣##.####.#.######
.... ####..............
##... #######.#.#####
#... #......... ##... .
##.#.##.$. .......
#.#.# ## ... ... ... .


You could see a steam dragon (catching breath).

Vanquished Creatures
  2 water moccasins (D:8)
  A scorpion (D:4)
  An orc priest (D:4)
  A jelly (D:4)
  2 sleepcaps
  Terence (D:3)
  2 adders (D:2)
  4 worms
  2 dart slugs
  10 orcs
  3 ball pythons
  5 bats
  5 endoplasms
  9 goblins
  2 hobgoblins
  2 jackals (D:4)
  5 frilled lizards
  5 kobolds
  5 rats
67 creatures vanquished.

Vanquished Creatures (others)
  2 withered plants (D:3)
2 creatures vanquished.

Grand Total: 69 creatures vanquished

Notes
Turn   | Place    | Note
-------+----------+-------------------------------------------
     0 | D:1      | Dittersdorf the Gargoyle Fighter began the quest for the
                  | Orb.
     0 | D:1      | Reached XP level 1. HP: 14/14 MP: 1/1
   645 | D:1      | Reached XP level 2. HP: 19/19 MP: 2/2
  1120 | D:2      | Reached XP level 3. HP: 22/23 MP: 3/3
  1518 | D:3      | Noticed Terence
  1532 | D:3      | Killed Terence
  1533 | D:3      | Reached XP level 4. HP: 17/29 MP: 4/4
  1684 | D:3      | Found a sacrificial altar of Ru.
  1684 | D:3      | Found a shadowy altar of Dithmenos.
  1724 | D:3      | Found a faded altar of an unknown god.
  2252 | D:3      | Found Aludol's Jewellery Shop.
  2599 | D:4      | Reached XP level 5. HP: 13/33 MP: 5/5
  2686 | D:4      | Identified the +1 ring mail of Cowardice {Str+2 Dex+2}
  2786 | D:4      | Reached XP level 6. HP: 39/39 MP: 6/6
  3210 | D:5      | Entered Level 5 of the Dungeon
  3272 | D:5      | Found a runed translucent gate.
  3315 | D:5      | You fall into a shaft and drop 3 floors!
  3316 | D:8      | yay!
  3362 | D:8      | Found a runed translucent door.
  3362 | D:8      | Noticed a water moccasin
  3363 | D:8      | Noticed a water moccasin
  3370 | D:8      | Killed a water moccasin
  3377 | D:8      | Killed a water moccasin
  3378 | D:8      | Reached skill level 5 in Fighting
  3378 | D:8      | Reached skill level 5 in Armour
  3378 | D:8      | Reached skill level 5 in Shields
  3378 | D:8      | Reached XP level 7. HP: 18/44 MP: 7/7
  3477 | D:8      | Noticed cheesebisquit's ghost (novice GrEE)
  3493 | D:8      | Noticed a steam dragon
  3517 | D:8      | HP: 2/44 [steam dragon (1)]
  3521 | D:8      | Killed from afar by a steam dragon

Illustrated notes

.#.#.. . .$#..
. .. .... .. ..
... ... .##.#..
..
.......###.####
#............
#....@....#
#.#.####.....
.. ### #. #


Turn 3316 on D:8: yay!

Levels and vault maps discovered:
D:1:      psy_arrival_spokes, layout_basic
D:2:      layout_loops_cross, hangedman_abyss_or_decor_stabs
D:3:      layout_loops_ring, mainiacjoe_overflow_large_starburst,
          shapermc_ecumenical_altar_gd, serial_shops, shop,
          minmay_misc_feat_pillars, uniq_terence
D:4:      layout_cave_pools
D:5:      layout_loops_ring, kennysheep_mini_moat,
          minmay_temple_entry_large_hall, ebering_ghost_gozag,
          uniq_prince_ribbit1
D:8:      layout_basic, overflow_temple_1_default, gammafunk_ghost_grave

Skill      XL: |  1  2  3  4  5  6 |
---------------+-------------------+-----
Armour         | 4 5 |  5.2
Shields        | 4 5 |  5.2
Fighting       | 4 5 |  5.1
Maces & Flails | 3 4 |  4.1

Action                     |  1- 3 |  4- 6 |  7- 9 || total
---------------------------+-------+-------+-------++-------
  Melee: Flail             |    85 |   201 |    10 ||   296
    Use: Scroll            |       |     6 |       ||     6
         Potion            |       |       |     2 ||     2
 Armour: Scale mail        |    38 |    77 |     9 ||   124
  Dodge: Dodged            |    46 |   169 |    13 ||   228
  Block: Buckler           |    21 |    46 |     6 ||    73

Table legend: (Time is in decaauts)
 A = Elapsed time spent in this place.
 B = Non-inter-level travel time spent in this place.
 C = Inter-level travel time spent in this place.
 D = Time resting spent in this place.
 E = Time spent auto-exploring this place.
 F = Levels seen in this place.
 G = Mean time per level.
                   A        B        C        D        E       F      G
               +--------+--------+--------+--------+--------+-----+--------+
         Total |   3604 |   3436 |    168 |    208 |   2560 |   6 |  600.7 |
       Dungeon |   3604 |   3436 |    168 |    208 |   2560 |   6 |  600.7 |
               +--------+--------+--------+--------+--------+-----+--------+

Top non-repeatable levels by time:
     D:3: 978 daAuts
     D:1: 819 daAuts
     D:2: 744 daAuts
     D:4: 742 daAuts
     D:8: 214 daAuts
     D:5: 105 daAuts
